 Dungeon Crawl Stone Soup version 0.27.1 (webtiles) character file.

Game seed: 5215192656560421956

1870 Cij8 the Skirmisher (level 9, -1/48 HPs)
             Began as a Vine Stalker Fighter on Sept 2, 2021.
             Slain by a gnoll (4 damage)
             ... on level 6 of the Dungeon.
             The game lasted 00:11:13 (5736 turns).

Cij8 the Skirmisher (Vine Stalker Fighter)          Turns: 5736, Time: 00:11:13

Health: -1/48      AC:  7    Str: 20    XL:     9   Next: 13%
Magic:  0/10       EV:  7    Int:  8    God:
Gold:   235        SH: 11    Dex: 16    Spells: 8/8 levels left

rFire    . . .     SeeInvis .   r - +3 rapier (speed)
rCold    + . .     Faith    .   c - +1 kite shield
rNeg     . . .     Spirit   +   b - +0 scale mail
rPois    .         Reflect  .   (no helmet)
rElec    .         Harm     .   g - scarf {+Inv}
rCorr    .         Rampage  .   (no gloves)
Will     +....                  (no boots)
Stlth    ++........             (no amulet)
HPRegen  1.16/turn              e - ring of protection from cold
MPRegen  0.12/turn              (no ring)

@: studying Armour
A: fangs 3, regeneration 1, magic shield, antimagic bite, no potion heal 2
a: Evoke Invisibility


You were on level 6 of the Dungeon.
You visited 2 branches of the dungeon, and saw 7 of its levels.

You collected 235 gold pieces.

Inventory:

Hand Weapons
 r - a +3 rapier of speed (weapon)
Missiles
 a - a throwing net (quivered)
Armour
 b - a +0 scale mail (worn)
 c - a +1 kite shield (worn)
 g - a scarf of invisibility (worn)
Jewellery
 e - a ring of protection from cold (left hand)
 u - an amulet of regeneration
 v - an amulet of faith
Wands
 k - a wand of flame (19)
 l - a wand of iceblast (9)
Scrolls
 h - a scroll of teleportation
 j - a scroll of amnesia
 n - 2 scrolls of identify
 s - a scroll of enchant armour
 t - a scroll of enchant weapon
Potions
 d - 3 potions of might
 f - 2 potions of curing
 i - a potion of brilliance
 m - a potion of resistance
 o - 2 potions of flight
 p - a potion of cancellation
 q - a potion of lignification {unknown}


   Skills:
 * Level 6.2 Fighting
 * Level 5.9 Short Blades
 + Level 5.3 Armour
 + Level 5.4 Stealth
 + Level 4.7 Shields


You had 8 spell levels left.
You didn't know any spells.
Your spell library contained the following spells:

 Spells                   Type           Power      Damage    Failure   Level
 Magic Dart               Conj           0%         1d3       99%         1
 Pain                     Necr           0%         1d4       99%         1
 Call Imp                 Summ           0%         N/A       100%        2
 Static Discharge         Conj/Air       0%         N/A       100%        2
 Conjure Flame            Conj/Fire      0%         6-21      100%        3
 Ignite Poison            Fire/Tmut/Pois 0%         N/A       100%        3
 Mephitic Cloud           Conj/Pois/Air  0%         N/A       100%        3
 Dispel Undead            Necr           0%         3d6       100%        4
 Sticky Flame             Conj/Fire      0%         2d3       100%        4
 Agony                    Necr           0%         N/A       100%        5
 Excruciating Wounds      Necr           0%         N/A       100%        5


Dungeon Overview and Level Annotations

Branches:
Dungeon (6/15)             Temple (1/1) D:5

Altars:
Ashenzari
Cheibriados
Dithmenos
Elyvilon
Fedhas
Gozag
Hepliaklqana
Nemelex Xobeh
Okawaru
Qazlal
Ru
Sif Muna
Trog
Vehumet
Wu Jian
Xom
Zin
The Shining One

Shops:
D:1 [


Innate Abilities, Weirdness & Mutations

You have razor-sharp teeth.
Your natural rate of healing is unusually fast.
When hurt, damage is shared between your health and your magic reserves.
Your bite disrupts and absorbs the magic of your enemies.
Potions cannot restore your health.


Message History

The gnoll sergeant hits you from afar with a +3 spear!
You barely miss the gnoll. You bite the gnoll. You drain its power.
You feel invigorated.
The gnoll is almost dead.
The shadow imp gestures at you. You resist with significant effort.
The gnoll sergeant hits you from afar with a +3 spear!
* * * LOW HITPOINT WARNING * * *
The gnoll hits you from afar with a +0 spear.
* * * LOW HITPOINT WARNING * * *
The gnoll hits you with a +0 whip.
* * * LOW HITPOINT WARNING * * *
You closely miss the gnoll.
The gnoll is almost dead.
The shadow imp hits you but does no damage.
You block the gnoll's attack.
The gnoll sergeant hits you from afar with a +3 spear.
* * * LOW HITPOINT WARNING * * *
The gnoll hits you but does no damage.
You puncture the gnoll!
You kill the gnoll!
The shadow imp hits you but does no damage.
The gnoll sergeant hits you from afar with a +3 spear.
* * * LOW HITPOINT WARNING * * *
The gnoll closely misses you.
Unknown command.
You sense Yredelemnul urging you to kill the trapped human.
You block the shadow imp's attack. The gnoll completely misses you.
You block the gnoll sergeant's attack. The gnoll hits you with a +0 spear.
* * * LOW HITPOINT WARNING * * *
Things that are here:
a +0 whip; a +0 ring mail; a +0 war axe Unknown command.
You hit the gnoll sergeant but do no damage.
The shadow imp hits you.
* * * LOW HITPOINT WARNING * * *
You puncture the gnoll sergeant!
The gnoll sergeant is moderately wounded.
The gnoll hits you from afar with a +0 spear.
You die...

p#.# .###.. ......
###### .... #.....
... ##.....##.#
......g...#
.....gg@5#
.#.....#.### #
#....##.#.#####..#
#..#.##..#.......#
...
#....###.####.###
.. ###..#
##........ .
....###.####.###
#.##..#.## ...
..#.##


You could see a gnoll sergeant, 2 gnolls, a shadow imp and a neutral human
(wandering).

Vanquished Creatures
  Eustachio (D:5)
  Menkaure (D:6)
  A water moccasin (D:4)
  A black bear (D:5)
  2 ogres
  A centaur (D:6)
  A bullfrog (D:6)
  A water moccasin zombie (D:5)
  4 scorpions
  A wight (D:4)
  A bullfrog zombie (D:6)
  3 centaur zombies (D:5)
  A bullfrog skeleton (D:5)
  A jelly (D:4)
  A gnoll shaman (D:5)
  Terence (D:3)
  3 iguanas
  3 orc wizards
  3 scorpion zombies (D:5)
  A hound skeleton (D:5)
  3 gnolls (D:6)
  13 adders
  A white imp (D:5)
  An ufetubus (D:5)
  6 worms
  2 dart slugs
  16 orcs
  11 endoplasms
  A giant cockroach (D:4)
  8 hobgoblins
  8 jackals (D:5)
  9 kobolds
  A quokka (D:2)
  6 ball pythons
  3 bats
  8 frilled lizards
  9 goblins
  A jackal skeleton (D:4)
  7 rats
146 creatures vanquished.

Notes
Turn   | Place    | Note
-------+----------+-------------------------------------------
     0 | D:1      | Cij8 the Vine Stalker Fighter began the quest for the Orb.
     0 | D:1      | Reached XP level 1. HP: 11/11 MP: 2/2
    33 | D:1      | Found Myiqeak's Armour Shop.
   344 | D:1      | Reached XP level 2. HP: 16/16 MP: 3/3
   599 | D:1      | Reached skill level 1 in Stealth
   983 | D:2      | Reached skill level 3 in Fighting
   983 | D:2      | Reached XP level 3. HP: 20/20 MP: 4/4
  1634 | D:2      | Gained mutation: Your natural rate of healing is unusually
                  | fast. [Vine Stalker growth]
  1634 | D:2      | Reached XP level 4. HP: 19/24 MP: 3/5
  2114 | D:3      | Reached XP level 5. HP: 28/28 MP: 6/6
  2208 | D:3      | Noticed Terence
  2288 | D:3      | Killed Terence
  2327 | D:3      | Found a white marble altar of Elyvilon.
  2335 | D:3      | Found an ornate altar of the Wu Jian Council.
  2343 | D:3      | Found a glowing silver altar of Zin.
  2346 | D:3      | Found a sparkling altar of Nemelex Xobeh.
  2810 | D:4      | Reached XP level 6. HP: 8/33 MP: 4/7
  2982 | D:4      | Noticed a water moccasin
  3126 | D:4      | Reached skill level 4 in Fighting
  3373 | D:4      | Killed a water moccasin
  3374 | D:4      | Reached XP level 7. HP: 2/38 MP: 3/8
  3375 | D:4      | HP: 1/38 [orc wizard (1)]
  3471 | D:5      | Entered Level 5 of the Dungeon
  3685 | D:5      | Found a blossoming altar of Fedhas.
  3685 | D:5      | Found a stormy altar of Qazlal.
  3842 | D:5      | Reached skill level 5 in Fighting
  3842 | D:5      | Gained mutation: You have razor-sharp teeth. [Vine Stalker
                  | growth]
  3842 | D:5      | Reached XP level 8. HP: 43/43 MP: 7/9
  4073 | D:5      | Found a staircase to the Ecumenical Temple.
  4337 | Temple   | Entered the Ecumenical Temple
  4711 | D:5      | Reached skill level 5 in Short Blades
  4898 | D:5      | Noticed Eustachio
  4910 | D:5      | Killed Eustachio
  5435 | D:6      | Reached skill level 5 in Stealth
  5485 | D:6      | Reached skill level 5 in Armour
  5529 | D:6      | Reached skill level 6 in Fighting
  5529 | D:6      | Reached XP level 9. HP: 42/48 MP: 10/10
  5666 | D:6      | Noticed Menkaure
  5674 | D:6      | Killed Menkaure
  5733 | D:6      | HP: 2/48 [gnoll sergeant (3)]
  5736 | D:6      | Slain by a gnoll

Illustrated notes

Levels and vault maps discovered:
D:1:      saegor_arrival_simple_b, layout_loops_ring, serial_shops,
          nicolae_shop_window_shopping
D:2:      layout_rooms
D:3:      kennysheep_six_static_rooms, layout_loops_ring,
          grunt_temple_overflow_cloverleaf, minmay_increasing_density,
          uniq_terence
D:4:      layout_cave_pools, minmay_manual_mess
D:5:      minmay_razor_zed, layout_loops_corners,
          grunt_temple_overflow_forces_of_nature, minmay_temple_entry_crystal_x,
          serial_rivers, chequers_serial_rivers_marsh,
          chequers_serial_rivers_small_a, chequers_serial_rivers_micro_e,
          chequers_serial_rivers_micro_b, chequers_serial_rivers_micro_a,
          chequers_serial_rivers_large_a, minivault_4,
          kennysheep_generic_room_3, uniq_eustachio
D:6:      layout_loops_ring, dk_yredelemnul_ordeal,
          amethyst_overflow_temple_binary, hangedman_decor_points,
          kennysheep_nub, uniq_menkaure
Temple:   minmay_temple_bridge_abc

Skill      XL: |  1  2  3  4  5  6  7  8 |
---------------+-------------------------+-----
Short Blades   | 2 3 4 5 |  5.9
Stealth        | 1 2 3 4 5 |  5.4
Fighting       | 3 4 5 6 |  6.2
Shields        | 3 4 |  4.7
Armour         | 3 4 5 |  5.3

Action                   |  1- 3 |  4- 6 |  7- 9 || total
-------------------------+-------+-------+-------++-------
Melee: Rapier            |    97 |   243 |   224 ||   564
       Bite              |    25 |    74 |   100 ||   199
  Use: Scroll            |     3 |     6 |     4 ||    13
       Potion            |     2 |     3 |       ||     5
Armor: Scale mail        |    29 |    73 |    93 ||   195
Dodge: Dodged            |    21 |    73 |    68 ||   162
Block: Kite shield       |    36 |   141 |   116 ||   293
